[Event "Live Chess"]
[Site "Chess.com"]
[Date "2023.05.21"]
[Round "-"]
[White "mach247"]
[Black "viktorskliarov"]
[Result "0-1"]
[WhiteElo "1330"]
[BlackElo "2646"]
[TimeControl "300"]
[EndTime "8:00:34 PDT"]
[Termination "viktorskliarov won on time"]

1. e4 c5 2. Nf3 Nc6 3. d4 cxd4 4.
Nxd4 g6 5. Nxc6 bxc6 6. Nc3 Bg7 7. Bc4 d6 8. O-O Nf6 9. Be3 O-O 10. Qd2 Ng4 11. Bf4 Ne5 12. Bb3 Ba6 13. Rfe1 Rb8 14. Bh6 Qb6 15. Bxg7 Kxg7 16. Qe3 Qxe3 17. Rxe3 Nc4 18. Bxc4 Bxc4 19. b3 Be6 20. Ne2 c5 21.
c4 a5 22. Nf4 a4 23. Nxe6+ fxe6 24. Rd1 e5 25. bxa4 Rb4 26. Rb3 Rxa4 27. Rb7 Kf6 28. f4 exf4 29. Kf2 Rxa2+ 30. Kf3 Ke6 31. h4 h5 32. Rd5 Ra3+ 33. Kf2 f3 34. gxf3 Rfxf3+ 35. Kg2 Rg3+ 36. Kf2 Rgb3 37. Rxb3 Rxb3 38. Rg5 Kf6 39.
Rd5 Rh3 40. e5+ dxe5 41. Rxc5 Rxh4 42. Rc6+ Kf5 43. Rc7 Rh2+ 44. Kg3 Rc2 45. Rxe7 Rxc4 46. Rf7+ Kg5 47. Re7 Rc3+ 48. Kf2 Kf4 49. Ke2 h4 50. Rf7+ Kg4 51. Rf6 g5 52. Re6 Rc5 0-1

[Event "Live Chess"]
[Site "Chess.com"]
[Date "2023.05.21"]
[Round "-"]
[White "stevochess11"]
[Black "tpm07"]
[Result "0-1"]
[WhiteElo "1665"]
[BlackElo "1965"]
[TimeControl "300"]
[EndTime "8:01:03 PDT"]
[Termination "tpm07 won by resignation"]

1. d4 Nf6 2. Nf3 d5 3. e3 g6 4.
Bd3 Bg7 5. Nbd2 c5 6. c3 b6 7. Ne5 O-O 8. f4 Bb7 9. O-O Ne4 10. Ndf3 f6 11. Ng4 Qd7 12. Nf2 Nxf2 13. Rxf2 Nc6 14. Qc2 e5 15. fxe5 fxe5 16. dxe5 Nxe5 17. Nxe5 Bxe5 18. Rxf8+ Rxf8 19. Bd2 Qg4 20. Be1 Qh5 21. h3 Qg5 22. Rd1 Bc8 23. h4 Qxe3+ 24. Kh1 Qf4 25. g3 Qg4 26. Rd2 d4 27. cxd4 Bb7+ 28. Kg1 Bxd4+ 29.
Bf2 Qxg3+ 30. Kf1 Qh3+ 31. Ke1 Qh1+ 32. Bf1 Re8+ 33. Re2 Bxf2+ 34. Kxf2 Qxh4+ 35. Kg1 Rxe2 36. Qxe2 Qg3+ 37. Bg2 Qxg2+ 38. Qxg2 Bxg2 39. Kxg2 Kf7 0-1

[Event "Live Chess"]
[Site "Chess.com"]
[Date "2023.05.21"]
[Round "-"]
[White "LaupMiths"]
[Black "Tema1107"]
[Result "1-0"]
[WhiteElo "1818"]
[BlackElo "1934"]
[TimeControl "300"]
[EndTime "8:01:05 PDT"]
[Termination "LaupMiths won on time"]

1. d4 Nf6 2. Nf3 e6 3. c4 Bb4+ 4. Bd2 c5 5. Bxb4 cxb4 6. e3 O-O 7. Bd3 d6 8. O-O Nc6 9. Nbd2 e5 10. d5 Ne7 11. Ng5 h6 12. Nge4 Nxe4 13. Bxe4 f5 14. Bc2 b6 15. f4 a5 16. fxe5 dxe5 17. Qh5 Qd6 18. Rae1 a4 19. b3 a3 20. Kh1 e4 21.
g4 Qe5 22. gxf5 Bxf5 23. Rg1 Rae8 24. Qxh6 g6 25. Ref1 Rf7 26. Rf4 Rh7 27. Qg5 Qh8 28. Rg2 Rh5 29. Qg3 Rh3 30. Qf2 Rf8 31.
Bxe4 Qe5 32. Bxf5 Rxf5 33. Rxf5 Nxf5 34. Rxg6+ Kh7 35. Qg2 Qa1+ 36. Nf1 Rf3 37. Kg1 Rxf1+ 38. Qxf1 Qxf1+ 39. Kxf1 Kxg6 40. e4 Ne3+ 41. Ke2 Ng4 42. Kd3 Ne5+ 43. Kd4 Kf6 44. c5 bxc5+ 45. Kxc5 Ke7 46.
Kxb4 Kd7 47. Kxa3 Ng4 48. Kb4 Nxh2 49. Kc5 Nf3 50. a4 Ng5 51. a5 1-0

[Event "Live Chess"]
[Site "Chess.com"]
[Date "2023.05.21"]
[Round "-"]
[White "wot-not"]
[Black "f4nomore"]
[Result "1-0"]
[WhiteElo "1524"]
[BlackElo "1400"]
[TimeControl "300"]
[EndTime "8:01:05 PDT"]
[Termination "wot-not won by resignation"]

1. e4 g6 2. f4 Bg7 3. Nf3 d6 4.
d4 Nd7 5. Bc4 Ngf6 6. e5 dxe5 7.
fxe5 Nb6 8. exf6 Bxf6 9. Bb3 O-O 10. O-O Bg4 11. Bh6 Re8 12. c3 c5 13. dxc5 Qxd1 14.
Rxd1 Nc8 15. Nbd2 a6 16. Ne4 Na7 17. Nxf6+ exf6 18. Rd7 Nc6 19. Rxf7 Be6 20. Rg7+ Kh8 21. Bxe6 Rxe6 22. Rxb7 Ne5 23. Nxe5 Rxe5 24. Rd1 Rae8 25. h3 f5 26. Rdd7 Re1+ 27. Kh2 1-0

[Event "Live Chess"]
[Site "Chess.com"]
[Date "2023.05.21"]
[Round "-"]
[White "domrobson"]
[Black "WilliamofOrange16th"]
[Result "1-0"]
[WhiteElo "1768"]
[BlackElo "1855"]
[TimeControl "300"]
[EndTime "8:01:14 PDT"]
[Termination "domrobson won by resignation"]

1. d4 d6 2. e4 Nf6 3. Nc3 Nbd7 4.
Nf3 e5 5. dxe5 dxe5 6. Bc4 Be7 7.
O-O O-O 8. Bg5 c6 9. Qd2 Qc7 10.
Rad1 b5 11. Bb3 Nc5 12. Qe3 Nxb3 13. axb3 h6 14. Bh4 Ng4 15. Qe2 Bxh4 16. Nxh4 g6 17. h3 Nf6 18. Qe3 Kg7 19. Nf3 Be6 20. Qc5 Nd7 21. Qd6 Qxd6 22. Rxd6 b4 23. Na4 c5 24.
Rfd1 Nb6 25. Nxc5 Rfe8 26. Nxe6+ Rxe6 27. Rxe6 fxe6 28. Nxe5 Rc8 29. Rd2 Rc5 30. Nd7 Rc7 31. Nxb6 axb6 32. f3 b5 33. Kf2 Kf6 34. Ke2 e5 35. Kd1 Kg5 36. g3 h5 37. h4+ Kf6 38. Rd6+ Kf7 39. Rd5 1-0

[Event "Live Chess"]
[Site "Chess.com"]
[Date "2023.05.21"]
[Round "-"]
[White "Doge_Dandolo"]
[Black "lord_cll"]
[Result "1-0"]
[WhiteElo "1866"]
[BlackElo "1206"]
[TimeControl "300"]
[EndTime "8:01:15 PDT"]
[Termination "Doge_Dandolo won by resignation"]

1. Nf3 Nf6 2. c4 g6 3. Nc3 Bg7 4.
e4 d6 5. d4 O-O 6. Be2 e5 7.
dxe5 dxe5 8. Qxd8 Rxd8 9. Bg5 Nc6 10. Nd5 Rd6 11. c5 Re6 12. Nxc7 Nxe4 13. Be3 Bd7 14.
Nxa8 1-0

[Event "Live Chess"]
[Site "Chess.com"]
[Date "2023.05.21"]
[Round "-"]
[White "manthanit"]
[Black "therealab0ne"]
[Result "1-0"]
[WhiteElo "1102"]
[BlackElo "745"]
[TimeControl "300"]
[EndTime "8:01:30 PDT"]
[Termination "manthanit won by resignation"]

1. e4 c5 2. Nf3 Nc6 3. Bc4 e6 4. e5 d6 5. exd6 Bxd6 6. d4 cxd4 7. Nxd4 Nf6 8. Nxc6 bxc6 9. Bg5 Be7 10. Qxd8+ Bxd8 11. O-O O-O 12. Nc3 Nd5 13. Nxd5 cxd5 14. Bxd8 Rxd8 15. Bd3 Rb8 16. b3 Rb4 17. Rfe1 Re8 18. h3 e5 19. f4 e4 20. Be2 Rd4 21. Rad1 Rxd1 22. Bxd1 Re6 23. Kf2 Rf6 24. Ke3 Kf8 25.
g4 Ra6 26. a4 Ke7 27. f5 Kf6 28. Kf4 g6 29. Be2 Rc6 30. Rc1 Rc3 31. fxg6 Ba6 32. g5+ Kxg6 33. Bxa6 Rf3+ 34. Kg4 f5+ 35. Kh4 Rf4+ 36.
Kg3 Rf3+ 37. Kh4 Rf4+ 38. Kg3 Rf3+ 39. Kg2 Kxg5 40. Rd1 Kf4 41. Rxd5 e3 42. Bc8 Rf2+ 43. Kg1 e2 44. Rxf5+ Ke3 45. Re5+ Kf3 46. Bb7+ Kf4 47. Re4+ Kf3 48. Re6+ Kf4 49. Rf6+ Ke3 50. Re6+ Kd2 51. Kxf2 1-0

[Event "Live Chess"]
[Site "Chess.com"]
[Date "2023.05.21"]
[Round "-"]
[White "Pablo_dmp"]
[Black "raminguy"]
[Result "0-1"]
[WhiteElo "1856"]
[BlackElo "1958"]
[TimeControl "300"]
[EndTime "8:01:33 PDT"]
[Termination "raminguy won on time"]

1. e4 e5 2. Nc3 Nc6 3. Bc4 Nf6 4. d3 Na5 5. Qf3 Nxc4 6. dxc4 Bb4 7. Ne2 h6 8. Be3 d6 9. h3 Be6 10. b3 O-O 11. O-O c6 12. a3 Ba5 13. Rad1 Qe7 14. Rd3 Rad8 15. Rfd1 Bc7 16. Ng3 Ba5 17. Nge2 Bc7 18. g4 Nh7 19. Ng3 Qh4 20. Kg2 Ba5 21. Nce2 Rd7 22. Rxd6 Rxd6 23. Rxd6 Bc7 24. Rd2 Ng5 25.
Bxg5 Qxg5 26. Rd3 a5 27. Nf5 a4 28. Neg3 Qc1 29. Nxg7 Kxg7 30. Nh5+ Kg8 31. Qf6 Qg5 32. Kg3 Qxf6 33. Nxf6+ Kg7 34. Nh5+ Kg6 35. f4 exf4+ 36. Nxf4+ Kg7 37. Kf3 Bc8 38. Nh5+ Kh8 39. b4 Rd8 40. c5 Rxd3+ 41. cxd3 Be6 42. Nf4 Be5 43. Nxe6 fxe6 44. Ke3 Bb2 45. Kf4 Kg7 46. h4 Bxa3 47.
Ke5 Kf7 48. Kd6 Bxb4 49. d4 a3 50. Kc7 a2 51. Kxb7 a1=Q 52. Kxc6 Qxd4 53. Kb5 Qxc5+ 54. Ka4 Qc3 55. Kb5 Qa3 56. Kc4 Qa5 57. Kb3 Qc5 58. Ka4 Bd2 59. Kb3 Qc3+ 60. Ka2 Bc1 0-1

[Event "Live Chess"]
[Site "Chess.com"]
[Date "2023.05.21"]
[Round "-"]
[White "grillage"]
[Black "McSlash1"]
[Result "1-0"]
[WhiteElo "1786"]
[BlackElo "1995"]
[TimeControl "300"]
[EndTime "8:01:33 PDT"]
[Termination "grillage won by resignation"]

1. d4 Nf6 2. Nc3 d5 3. Bf4 g6 4. e3 Bg7 5. h4 O-O 6. h5 gxh5 7. Nf3 Bg4 8. Qd2 c5 9. Ne5 Bf5 10. O-O-O Bg6 11. f3 cxd4 12. exd4 Nc6 13. g4 hxg4 14. fxg4 Nxe5 15. Bxe5 Nxg4 16. Bxg7 Kxg7 17. Be2 f5 18. Bxg4 fxg4 19. Qh6+ Kg8 20. Rhg1 Qc8 21. Rde1 Qf5 22. Rg2 e6 23. Reg1 Rac8 24. Qd2 h5 25. Nd1 Qe4 26. Re2 Qf5 27. Ne3 Qf3 28. Reg2 Rf7 29. Nxg4 hxg4 30. Rxg4 Qf1+ 31. Qd1 Rxc2+ 32. Kb1 Rd2+ 33. Rxg6+ Kf8 34. Qxf1 Rxf1+ 35. Rxf1+ Ke7 36. Re1 Kf7 37. Rexe6 Rxd4 38. Rgf6+ Kg7 39. Rd6 Rd2 40. Rfe6 d4 41. Re7+ Kf8 42. Rxb7 Ke8 43. Rh6 1-0

[Event "Live Chess"]
[Site "Chess.com"]
[Date "2023.05.21"]
[Round "-"]
[White "JohanKjeldahl"]
[Black "GMHarry-youtube"]
[Result "1-0"]
[WhiteElo "1891"]
[BlackElo "2018"]
[TimeControl "300"]
[EndTime "8:01:50 PDT"]
[Termination "JohanKjeldahl won by checkmate"]

1. c4 Nf6 2. Nc3 c5 3. Nf3 g6 4. d4 cxd4 5. Nxd4 Bg7 6. e4 d6 7.
f3 O-O 8. Be3 Nc6 9. Qd2 a6 10.
Be2 Qc7 11. O-O Nxd4 12. Bxd4 Be6 13. b3 Rab8 14. Rac1 Rfc8 15. Nd5 Nxd5 16. cxd5 Bxd4+ 17. Qxd4 Qxc1 18. Rxc1 Rxc1+ 19. Kf2 Bd7 20. Qd2 Rbc8 21. Bd3 Bb5 22. Kg3 Bxd3 23. Qxd3 b5 24. h4 h5 25.
Kf4 R1c2 26. g4 hxg4 27. fxg4 Rf8 28. Qxc2 e5+ 29. dxe6 fxe6+ 30. Kg3 d5 31. exd5 exd5 32. Qxg6+ Kh8 33. Qh6+ Kg8 34. Qe6+ Kh8 35. Qxd5 b4 36.
Qh5+ Kg8 37. Qg6+ Kh8 38. Qh6+ Kg8 39. Qxf8+ Kh7 40. g5 a5 41. h5 a4 42. g6# 1-0

[Event "Live Chess"]
[Site "Chess.com"]
[Date "2023.05.21"]
[Round "-"]
[White "LL220284LL"]
[Black "TheAuditer"]
[Result "1-0"]
[WhiteElo "2231"]
[BlackElo "1385"]
[TimeControl "300"]
[EndTime "8:01:51 PDT"]
[Termination "LL220284LL won by resignation"]

1. Nf3 d5 2. c4 Nf6 3. e3 e6 4. b3 dxc4 5. bxc4 b6 6. d4 Bb7 7. Bd3 Nbd7 8. O-O c5 9. Bb2 cxd4 10.
exd4 Be7 11. Nc3 O-O 12. Re1 Rc8 13. d5 exd5 14. cxd5 Nc5 15. Bf5 Rc7 16. Nb5 Bd6 17. Nxd6 Qxd6 18. Be5 Qd8 19. Bxc7 Qxc7 20. d6 Qd7 21. Bxd7 1-0

[Event "Live Chess"]
[Site "Chess.com"]
[Date "2023.05.21"]
[Round "-"]
[White "FlyingChessKestrel13"]
[Black "Long1968"]
[Result "1-0"]
[WhiteElo "2050"]
[BlackElo "945"]
[TimeControl "300"]
[EndTime "8:02:06 PDT"]
[Termination "FlyingChessKestrel13 won on time"]

1. e4 e6 2. d4 d5 3. exd5 exd5 4. c4 dxc4 5. Bxc4 Nf6 6. Ne2 c5 7. O-O Be7 8. d5 O-O 9. Nbc3 Nbd7 10. d6 Bxd6 11.
Qxd6 Nb6 12. Qxd8 Rxd8 13. Bb3 c4 14. Bc2 Bg4 15. f3 Be6 16. Be3 Nbd5 17. Bf2 Nb4 18. Bb1 Nd3 19. Bxd3 cxd3 20. Nd4 Bc4 21. Rfd1 Nh5 22.
g3 Rd7 23. b3 Ba6 24. a4 1-0

[Event "Live Chess"]
[Site "Chess.com"]
[Date "2023.05.21"]
[Round "-"]
[White "LiamClery2020"]
[Black "Hacker_2009"]
[Result "1/2-1/2"]
[WhiteElo "2005"]
[BlackElo "1956"]
[TimeControl "300"]
[EndTime "8:02:06 PDT"]
[Termination "Game drawn by agreement"]

1. e4 c5 2. Nf3 d6 3. Bb5+ Bd7 4.
Bxd7+ Qxd7 5. O-O e6 6. Re1 Nc6 7. c3 Nf6 8. d4 cxd4 9. cxd4 Be7 10. Nc3 O-O 11. Be3 a6 12. Qd2 Qc7 13. Rac1 d5 14.
exd5 Nxd5 15. Nxd5 exd5 16. Ne5 Bf6 17. Bf4 Qa5 18.
Qxa5 Nxa5 19. Nd7 Rfe8 20. Nxf6+ gxf6 21. Kf1 Nc4 22. b3 Na5 23. Rc7 Nc6 24. Rd1 Re4 25.
Be3 f5 26. Rxb7 f4 27. Bd2 Rxd4 28. Rb6 Ne5 29. Ke2 Re8 30. Kf1 f3 31. g3 Ng6 32.
Re1 Rc8 33. Be3 Re4 34. Rxa6 1/2-1/2

[Event "Live Chess"]
[Site "Chess.com"]
[Date "2023.05.21"]
[Round "-"]
[White "RichardABates"]
[Black "YrrriKharkiv"]
[Result "1-0"]
[WhiteElo "2171"]
[BlackElo "2045"]
[TimeControl "300"]
[EndTime "8:02:08 PDT"]
[Termination "RichardABates won by resignation"]

1. d4 Nf6 2. Nf3 d6 3. c4 Nbd7 4. Nc3 g6 5. g3 Bg7 6. Bg2 O-O 7. O-O c6 8. d5 Re8 9. dxc6 bxc6 10. Nd4 Nb8 11. Nxc6 Nxc6 12. Bxc6 Bh3 13. Bxe8 Qxe8 14. Re1 Rc8 15. Qd3 Qc6 16. Nd5 Kf8 17. f3 Qxc4 18.
Nxf6 Bxf6 19. Bh6+ Bg7 20. Bxg7+ Kxg7 21. Qxc4 Rxc4 22.
Rac1 Ra4 23. a3 Be6 24. Rc7 Ra6 25. Rxe7 Rb6 26. b4 a5 27. Rb1 axb4 28. axb4 Kf6 29. Rc7 Rb5 30. Kf2 Bd5 31. e4 Be6 32. Ke3 d5 33. Rc5 1-0

[Event "Live Chess"]
[Site "Chess.com"]
[Date "2023.05.21"]
[Round "-"]
[White "PaulyD81"]
[Black "diana21strabt"]
[Result "0-1"]
[WhiteElo "1183"]
[BlackElo "1735"]
[TimeControl "300"]
[EndTime "8:02:10 PDT"]
[Termination "diana21strabt won on time"]

1. d4 Nf6 2. c4 g6 3. Nc3 Bg7 4. e4 d6 5. Nf3 Nbd7 6. Be2 O-O 7. O-O e5 8. dxe5 Nxe5 9. Nxe5 dxe5 10. Bg5 Be6 11.
Nd5 c6 12. Nxf6+ Bxf6 13. Qxd8 Bxd8 14. Bh6 Re8 15. Rad1 Be7 16. a3 Rad8 17. b4 a5 18. c5 axb4 19. axb4 Ra8 20. h3 Ra4 21. Rb1 Rea8 22.
Bg4 Bxg4 23. hxg4 g5 24. g3 f6 25. f4 exf4 26. gxf4 gxf4 27. Rxf4 Ra3 28. Kg2 Ra2+ 29.
Rf2 Rxf2+ 30. Kxf2 Ra2+ 31. Kf1 Kf7 32. Bf4 Kg6 33.
Ke1 Bf8 34. Kf1 Bh6 35. g5 Bxg5 36. Bxg5 Kxg5 37. Kg1 Kf4 38. Re1 Rb2 0-1

[Event "Live Chess"]
[Site "Chess.com"]
[Date "2023.05.21"]
[Round "-"]
[White "TheSmoulderingMaster"]
[Black "LiamBellwood"]
[Result "0-1"]
[WhiteElo "1658"]
[BlackElo "1913"]
[TimeControl "300"]
[EndTime "8:02:15 PDT"]
[Termination "LiamBellwood won by resignation"]

1. e4 e6 2. d4 d5 3. Nc3 Nf6 4. Bg5 h6 5. Bh4 g5 6. Bg3 dxe4 7. Be5 Bg7 8. Nge2 Nc6 9. Ng3 O-O 10. Qd2 Ng4 11. Bxg7 Kxg7 12. Ncxe4 Qxd4 13. Qxd4+ Nxd4 14. O-O-O e5 15. Nh5+ Kg6 16. h3 Nxf2 17. Nxf2 Kxh5 18. g4+ Kg6 19. Nd3 f6 20. Bg2 c6 21. Be4+ Kg7 22. Nc5 b6 23. Nd3 Bd7 24. c3 Ne2+ 25. Kd2 Ng3 26. Rhe1 Nxe4+ 27. Rxe4 Rad8 28. Ke3 c5 29. c4 Bc6 30. Re1 Bxe4 31. Kxe4 Rd4+ 32. Ke3 Rfd8 33. Nf2 Rxc4 0-1

[Event "Live Chess"]
[Site "Chess.com"]
[Date "2023.05.21"]
[Round "-"]
[White "JoshMcK"]
[Black "OleksiyJr1"]
[Result "1-0"]
[WhiteElo "1572"]
[BlackElo "1032"]
[TimeControl "300"]
[EndTime "8:02:16 PDT"]
[Termination "JoshMcK won by resignation"]

1. e4 c5 2. c3 Nc6 3. d4 cxd4 4. cxd4 e6 5. Nf3 d5 6. exd5 Qxd5 7. Nc3 Qd8 8. Be2 Nf6 9. O-O Bb4 10. a3 Bxc3 11.
bxc3 a6 12. Bg5 b5 13. Ne5 Nxe5 14. dxe5 Qxd1 15. Rfxd1 Nd5 16. c4 bxc4 17. Bxc4 Bb7 18. Bxd5 Bxd5 19. Rab1 O-O 20. Rb6 Bc4 21. Rc1 Rfc8 22.
Rd6 h6 23. Be3 Bd3 24. Rxc8+ Rxc8 25. Rxd3 Rb8 26. g3 Kf8 27. Bc5+ Ke8 28. Rd6 Rb1+ 29.
Kg2 Rc1 30. Bb4 Re1 31. Rxa6 Rxe5 32. Ra8+ Kd7 33. Ra7+ Ke8 34. Re7+ Kf8 35. Rxe6+ Kg8 36. Rxe5 g6 1-0

[Event "Live Chess"]
[Site "Chess.com"]
[Date "2023.05.21"]
[Round "-"]
[White "Leonid_Starozhilov"]
[Black "peter-785"]
[Result "1-0"]
[WhiteElo "2638"]
[BlackElo "1171"]
[TimeControl "300"]
[EndTime "8:02:21 PDT"]
[Termination "Leonid_Starozhilov won on time"]

1. b3 c5 2. Bb2 e6 3. Nf3 Nf6 4. e3 Be7 5. c4 d6 6. d4 cxd4 7. Nxd4 a6 8. Nc3 O-O 9. Be2 b6 10. Bf3 Ra7 11. O-O Bb7 12. Bxb7 Rxb7 13. Rc1 Rd7 14. Qf3 Qc7 15. Rfd1 Rfd8 16. h3 Bf8 17.
Ne4 Nxe4 18. Qxe4 e5 19. Ne2 Qc6 20. Qxc6 Nxc6 21. Nc3 f6 22. Rd2 Na7 23. Rcd1 b5 24.
cxb5 Nxb5 25. Nd5 Rb7 26. Rc2 h6 27. e4 Nd4 28. Bxd4 exd4 29. Rxd4 a5 30. Rdc4 Kh7 31. f3 h5 32. g4 hxg4 33. hxg4 Kg8 34. Kf2 Rbb8 35.
Ke3 Kf7 36. Rc7+ Kg8 37. R2c4 Re8 38. R4c6 Rb5 39. Ra6 Rxd5 40. Rac6 Rc5 41. Kd3 Rxc6 42. Rxc6 Rb8 43. Ra6 Rb5 44. Kc4 Rc5+ 45. Kd4 Rc2 46.
Rxa5 Rb2 47. Kd3 Rf2 48. Ke3 Rb2 49. Ra8 Kf7 50. f4 Kg8 51. g5 Rb1 52. g6 Rg1 53. f5 Rg2 54. Kd4 Rd2+ 55. Kc4 Rc2+ 56. Kd5 Rd2+ 57. Ke6 1-0

[Event "Live Chess"]
[Site "Chess.com"]
[Date "2023.05.21"]
[Round "-"]
[White "DoYouLikeCurry"]
[Black "slava_ukr"]
[Result "0-1"]
[WhiteElo "1457"]
[BlackElo "2337"]
[TimeControl "300"]
[EndTime "8:02:23 PDT"]
[Termination "slava_ukr won by resignation"]

1. e4 c5 2. Nc3 Nc6 3. f4 g6 4. Nf3 Bg7 5. Be2 e6 6. d3 Nge7 7. O-O O-O 8. Qe1 d5 9. Qh4 Nd4 10. f5 exf5 11. Bh6 f6 12. Bxg7 Kxg7 13. exf5 Nexf5 14. Qf2 Nxc2 15. Rac1 Nce3 16. Rfe1 d4 17.
Ne4 b6 18. g4 Nxg4 19. Qg2 Nge3 20. Qf2 Bb7 21. Kh1 Qc7 22. Rg1 Rae8 23. Rxg6+ hxg6 0-1

[Event "Live Chess"]
[Site "Chess.com"]
[Date "2023.05.21"]
[Round "-"]
[White "Bob2pen"]
[Black "EdenHazard8"]
[Result "1/2-1/2"]
[WhiteElo "1881"]
[BlackElo "1925"]
[TimeControl "300"]
[EndTime "8:02:25 PDT"]
[Termination "Game drawn - insufficient material"]

1. e4 e5 2. Nf3 Nc6 3. Bb5 a6 4. Ba4 Nf6 5. O-O Be7 6. Re1 b5 7. Bb3 O-O 8. c3 d6 9. h3 Na5 10. Bc2 c5 11. d4 cxd4 12. cxd4 exd4 13. Nxd4 Bb7 14. Nc3 Rc8 15. Bg5 Nc4 16. b3 Na3 17.
Qd3 Nxc2 18. Nxc2 Nd7 19. Bxe7 Qxe7 20. Nd5 Bxd5 21. exd5 Ne5 22. Qe2 Qg5 23. Qe3 Qg6 24. Nd4 Rfe8 25. Qg3 Qxg3 26. fxg3 Nd3 27. Rxe8+ Rxe8 28.
Rd1 Re3 29. Nf5 Re1+ 30. Rxe1 Nxe1 31. Nxd6 Nc2 32. Nb7 Kf8 33. Kf2 Ke8 34. Kf3 Kd7 35. Ke4 Nb4 36. a3 Nc2 37. a4 b4 38. Nc5+ Kd6 39. Nxa6 g6 40. g4 h5 41. gxh5 gxh5 42. Nb8 Na1 43. Nc6 Nxb3 44. Nxb4 Nc5+ 45. Kf5 Nxa4 46.
Kg5 Kc5 47. Nc2 Kxd5 48. Kxh5 Ke5 49. Kg5 Nc5 50. h4 Ne4+ 51. Kg4 Nf6+ 52. Kf3 Nd5 53. Ne3 Ne7 54. g4 f5 55. g5 f4 56. Ng2 Nd5 57. g6 Kf6 58. h5 Kg5 59. g7 Nf6 60. Nxf4 Kh6 61. Ne6 Kxh5 62. Kf4 Kg6 63. Ke5 Kf7 64.
Kf5 Ne8 65. Ke5 Nxg7 1/2-1/2

[Event "Live Chess"]
[Site "Chess.com"]
[Date "2023.05.21"]
[Round "-"]
[White "hturner40"]
[Black "Alfiedog12"]
[Result "1-0"]
[WhiteElo "1795"]
[BlackElo "870"]
[TimeControl "300"]
[EndTime "8:02:34 PDT"]
[Termination "hturner40 won by resignation"]

1. Nf3 d5 2. g3 Nf6 3. Bg2 e6 4.
O-O Be7 5. d4 O-O 6. c4 Nc6 7. b3 b6 8. Bb2 Bb7 9. e3 a5 10. Nbd2 Nb4 11. Ne5 Bd6 12. Ndf3 Ne4 13. a3 Nc6 14. Nxc6 Bxc6 15. Nd2 Nf6 16. Qc2 Re8 17.
e4 dxe4 18. Nxe4 Nxe4 19. Bxe4 Bxe4 20. Qxe4 f5 21. Qe2 e5 22. dxe5 Bxe5 23. Bxe5 Qe7 24. f4 g5 25. Qh5 Qc5+ 26. Kh1 Qc6+ 27. Qf3 Qxf3+ 28. Rxf3 g4 29. Rd3 c6 30. Rad1 Re6 31. Rd7 c5 32. Rg7+ Kf8 33. Rdd7 Rae8 34. Rxh7 R8e7 35. Rdxe7 Rxe7 36. Bd6 Ke8 37. Rxe7+ Kd8 38. h4 1-0

[Event "Live Chess"]
[Site "Chess.com"]
[Date "2023.05.21"]
[Round "-"]
[White "Daniel_Gliddon_FA"]
[Black "Andysav3"]
[Result "0-1"]
[WhiteElo "1224"]
[BlackElo "1701"]
[TimeControl "300"]
[EndTime "8:02:35 PDT"]
[Termination "Andysav3 won by checkmate"]

1. e4 c5 2. c4 Nc6 3. Nc3 g6 4. g3 Bg7 5. a3 b6 6. Rb1 Bb7 7. Bg2 e6 8. Nge2 Nge7 9. d3 O-O 10. O-O f5 11. f3 d5 12. Nf4 Qd7 13. exd5 exd5 14.
Nfxd5 Nd4 15. Nxe7+ Qxe7 16. Re1 Qd7 17. b4 Rad8 18.
Bb2 Rfe8 19. f4 Bxg2 20. Kxg2 Rxe1 21. Qxe1 Qb7+ 22. Nd5 Rxd5 23. Qe8+ Bf8 24. cxd5 Qxd5+ 25. Kh3 g5 26. Re1 g4+ 27. Kh4 Nf3+ 28. Kh5 Nxe1 29. Qxe1 Qf7+ 30. Kg5 Qg6+ 31. Kh4 Qh6# 0-1

[Event "Live Chess"]
[Site "Chess.com"]
[Date "2023.05.21"]
[Round "-"]
[White "Ferrarifan27"]
[Black "Missedidea"]
[Result "1-0"]
[WhiteElo "2050"]
[BlackElo "1767"]
[TimeControl "300"]
[EndTime "8:03:06 PDT"]
[Termination "Ferrarifan27 won on time"]

1. e4 c5 2. Nf3 d6 3. d4 cxd4 4. Nxd4 Nf6 5. Nc3 g6 6. Be3 Bg7 7. f3 O-O 8. Qd2 Nc6 9. O-O-O d5 10. Nxc6 bxc6 11. exd5 cxd5 12. Nxd5 Nxd5 13. Qxd5 Qc7 14.
Qc5 Qb8 15. b3 Bf5 16. Bd3 Rc8 17. Qa5 Bxd3 18. Rxd3 Qb7 19. Rhd1 Qc6 20. Rd8+ Bf8 21. c4 Kg7 22. Rxc8 Rxc8 23. Rd8 Rxd8 24. Qxd8 g5 25.
Bxg5 e5 26. Qd5 Ba3+ 27. Kd1 Qc7 28. Bc1 Bd6 29. Bb2 f6 30. Ke2 Qb6 31. Kf1 Bb4 32.
Qd7+ Kg6 33. Qd3+ Kf7 34. Qxh7+ Ke6 35. Qd3 Qa5 36. Qd5+ Qxd5 37. cxd5+ Kxd5 38. Ke2 Be7 39. g4 Ke6 40. h4 f5 41. h5 Bg5 42. Bc3 e4 43. gxf5+ Kxf5 44. fxe4+ Kxe4 45. Bd2 Bf6 46. h6 Kf5 47. Kd3 Kg6 48. Kc4 1-0

[Event "Live Chess"]
[Site "Chess.com"]
[Date "2023.05.21"]
[Round "-"]
[White "raminguy"]
[Black "grillage"]
[Result "1-0"]
[WhiteElo "1962"]
[BlackElo "1782"]
[TimeControl "300"]
[EndTime "8:03:15 PDT"]
[Termination "raminguy won by resignation"]

1. d4 Nf6 2. Nc3 d5 3. Bf4 c5 4. e4 Nxe4 5. Nb5 Qa5+ 6. c3 Na6 7. f3 Nf6 8. dxc5 e6 9. b4 Qd8 10. a4 Be7 11. Nd6+ Bxd6 12. Bxd6 b6 13. Bb5+ Bd7 14. Bxa6 bxc5 15. Bxc5 Rc8 16. Bxc8 Qxc8 17. Ne2 1-0

[Event "Live Chess"]
[Site "Chess.com"]
[Date "2023.05.21"]
[Round "-"]
[White "WilliamofOrange16th"]
[Black "manthanit"]
[Result "1-0"]
[WhiteElo "1855"]
[BlackElo "1102"]
[TimeControl "300"]
[EndTime "8:03:24 PDT"]
[Termination "WilliamofOrange16th won by checkmate"]

1. e4 e6 2. f4 d5 3. e5 f6 4. Nf3 fxe5 5. fxe5 Bc5 6. d4 Ne7 7.
dxc5 O-O 8. Bd3 Nbc6 9. O-O Ng6 10. Bg5 Qd7 11. a3 Ncxe5 12. Nxe5 Nxe5 13. Bxh7+ Kxh7 14. Rxf8 Ng6 15. Qh5# 1-0

[Event "Live Chess"]
[Site "Chess.com"]
[Date "2023.05.21"]
[Round "-"]
[White "whatnot126"]
[Black "onemoretime1975"]
[Result "1-0"]
[WhiteElo "2070"]
[BlackElo "1845"]
[TimeControl "300"]
[EndTime "8:03:30 PDT"]
[Termination "whatnot126 won by resignation"]

1. e4 e6 2. d4 d5 3. e5 c5 4. c3 Nc6 5. Nf3 Bd7 6. Bd3 Qb6 7. O-O cxd4 8. cxd4 Nxd4 9. Nxd4 Qxd4 10. Nc3 a6 11.
Qe2 Bb4 12. Bd2 Qb6 13. a3 Be7 14. Kh1 Rc8 15. f4 g6 16. b4 h5 17. Rac1 Nh6 18. Be3 Qd8 19. Bd4 O-O 20. h3 h4 21.
Qf2 Kg7 22. Qb2 b5 23. Nxd5 Rxc1 24. Rxc1 Nf5 25. Nxe7 Qxe7 26. Bc5 Ng3+ 27. Kh2 Qd8 28. Bxf8+ Kxf8 29. Qd4 Qe8 30. Qd6+ Kg7 31. Rc7 Bc8 32. Qc6 Qxc6 33. Rxc6 Bb7 34. Rc7 Bd5 35. Ra7 Nh5 36.
Rxa6 Nxf4 37. Bxb5 Bxg2 38. Be8 g5 39. Ra7 Bxh3 40.
Rxf7+ Kg8 41. Rxf4 gxf4 42. Kxh3 Kf8 43. Bh5 Ke7 44.
Kxh4 Kd8 45. Kg4 1-0

[Event "Live Chess"]
[Site "Chess.com"]
[Date "2023.05.21"]
[Round "-"]
[White "HonestJoe1"]
[Black "toxic_rabbit"]
[Result "1-0"]
[WhiteElo "2094"]
[BlackElo "1955"]
[TimeControl "300"]
[EndTime "8:03:33 PDT"]
[Termination "HonestJoe1 won by resignation"]

1. d4 c5 2. d5 Nf6 3. c4 b5 4.
cxb5 a6 5. Nc3 d6 6. e4 g6 7. b6 Qxb6 8. Nf3 Bg7 9. Be2 Bg4 10. Nd2 Bxe2 11. Qxe2 Nbd7 12. Nc4 Qb7 13. O-O O-O 14. Bg5 Rfe8 15. Rab1 h6 16. Bh4 h5 17. Na5 Qb6 18. Nc6 Ne5 19. Nxe5 dxe5 20. f3 Rab8 21. Bf2 Nd7 22.
b3 f5 23. Rbc1 f4 24. Na4 1-0

[Event "Live Chess"]
[Site "Chess.com"]
[Date "2023.05.21"]
[Round "-"]
[White "MartynColebrook"]
[Black "Hussamalhaidar"]
[Result "0-1"]
[WhiteElo "1224"]
[BlackElo "1156"]
[TimeControl "300"]
[EndTime "8:03:40 PDT"]
[Termination "Hussamalhaidar won by resignation"]

1. e4 g6 2. d4 Bg7 3. Nc3 d6 4. f4 e5 5. Nf3 exd4 6. Nxd4 Nf6 7. Bc4 Bg4 8. Qd3 O-O 9. h3 Bd7 10. g4 c5 11. Nf3 Bc6 12. e5 Nfd7 13. Bd2 dxe5 14.
fxe5 Nxe5 15. Qe3 Nxf3+ 16. Kf2 Nxd2 17. Rad1 Bxh1 18. Rxd2 Qh4+ 19. Ke2 Nc6 20. Nd5 Rfe8 0-1

[Event "Live Chess"]
[Site "Chess.com"]
[Date "2023.05.21"]
[Round "-"]
[White "JoshMcK"]
[Black "Leonid_Starozhilov"]
[Result "0-1"]
[WhiteElo "1572"]
[BlackElo "2638"]
[TimeControl "300"]
[EndTime "8:03:45 PDT"]
[Termination "Leonid_Starozhilov won by resignation"]

1. e4 g6 2. d4 Bg7 3. Nc3 d6 4. Be3 Nc6 5. Qd2 e5 6. d5 Nce7 7. O-O-O a6 8. h4 Nf6 9. Bg5 h6 10. Bxf6 Bxf6 11. f3 b5 12. g4 Bb7 13. h5 Bg5 0-1